 Dungeon Crawl Stone Soup version 0.23-a0-550-g7de1f8e (console) character file.

182 Duffy the Chopper (level 5, 0/49 HPs)
             Began as a Naga Fighter on Dec 8, 2018.
             Slain by Terence
             ... wielding a +0 flail
              (5 damage)
             ... on level 3 of the Dungeon.
             The game lasted 00:02:31 (2055 turns).

Duffy the Chopper (Naga Fighter)                    Turns: 2055, Time: 00:02:32

Health: 0/49       AC:  9    Str: 20    XL:     5   Next: 62%
Magic:  5/5        EV:  3    Int:  8    God:
Gold:   79         SH:  9    Dex: 10    Spells: 4/4 levels left

rFire    . . .     SeeInvis +   a - +0 war axe
rCold    . . .     Gourm    .   c - +0 shield
rNeg     . . .     Faith    .   b - +0 scale mail
rPois    +         Spirit   .   (no helmet)
rElec    .         Reflect  .   (no cloak)
rCorr    .         Harm     .   (no gloves)
MR       .....                  m - +0 naga barding
Stlth    ..........             (no amulet)
HPRegen  0.16/turn              (no ring)
MPRegen  0.09/turn              (no ring)

@: very slow
A: large, see invisible, deformed body, poison resistance, slowness 2, slow
metabolism 1, spit poison 1, AC +1
a: Spit Poison


You were on level 3 of the Dungeon.
You were not hungry.

You visited 1 branch of the dungeon, and saw 3 of its levels.

You collected 79 gold pieces.

Inventory:

Hand Weapons
 a - a +0 war axe (weapon)
Armour
 b - a +0 scale mail (worn)
 c - a +0 shield (worn)
 m - a +0 naga barding (worn)
Jewellery
 e - an uncursed ring of fire
Scrolls
 j - 2 scrolls of fear
 k - a scroll of enchant weapon {unknown}
 l - 2 scrolls of amnesia {unknown}
 n - a scroll of fog {unknown}
Potions
 d - a potion of might
 i - a potion of cancellation
Comestibles
 f - 5 rations
 h - 2 chunks of flesh


   Skills:
 - Level 3.0 Fighting
 + Level 4.2 Axes
 - Level 2.4 Armour
 + Level 3.9 Shields


You had 4 spell levels left.
You didn't know any spells.
Your spell library was empty.

Dungeon Overview and Level Annotations

Branches:
Dungeon (3/15)

Altars:
Qazlal
Ru

Annotations:
D:3 Terence


Innate Abilities, Weirdness & Mutations

You cannot wear boots.
Your serpentine skin is tough. (AC +1)
You have supernaturally acute eyesight. (SInv)
Armour fits poorly on your strangely shaped body.
Your system is resistant to poisons. (rPois)
You cover ground very slowly.
You have a slow metabolism.
You can spit poison.


Message History

You block Terence's attack.
You slash Terence!
Terence is heavily wounded.
You block Terence's attack.
You hit Terence but do no damage.
Terence is heavily wounded.
Terence hits you with a +0 flail. Terence hits you but does no damage.
You hit Terence but do no damage.
Terence is heavily wounded.
Terence hits you but does no damage.
You closely miss Terence.
Terence is heavily wounded.
You block Terence's attack.
You closely miss Terence.
Terence is heavily wounded.
You feel less wooden.
Your +0 naga barding unmelds from your body.
Your +0 scale mail unmelds from your body.
Terence hits you with a +0 flail.
You die...

### ### ..# #@# #.#
####@%%...... ###.###
##.#......#....
###.....###....##.#.#
..
#.....#.##.....##.#.#
#.#.#.#0###....##.#.#
#.#..0.)..........# #
..%@..######.#.####
#.##### .# #


You could see Terence.

Vanquished Creatures
  An iguana (D:3)
  Natasha (thrice) (D:3)
  An adder (D:3)
  2 oozes
  5 dart slugs
  6 bats
  3 giant cockroaches
  11 hobgoblins
  3 jackals (D:3)
  5 kobolds
  A ball python (D:1)
  4 frilled lizards
  2 goblins
  14 rats
61 creatures vanquished.

Notes
Turn   | Place    | Note
-------+----------+-------------------------------------------
     0 | D:1      | Duffy the Naga Fighter began the quest for the Orb.
     0 | D:1      | Reached XP level 1. HP: 21/21 MP: 1/1
   170 | D:1      | Reached XP level 2. HP: 28/28 MP: 2/2
   493 | D:1      | Reached XP level 3. HP: 34/34 MP: 3/3
   876 | D:2      | Noticed an earth elemental
   883 | D:2      | Found a stormy altar of Qazlal.
   885 | D:2      | Noticed an air elemental
   886 | D:2      | Noticed a fire elemental
   886 | D:2      | Noticed a water elemental
   907 | D:2      | Reached skill level 3 in Axes
  1455 | D:3      | Reached XP level 4. HP: 41/42 MP: 4/4
  1502 | D:3      | Found a sacrificial altar of Ru.
  1529 | D:3      | Noticed Natasha
  1545 | D:3      | Killed Natasha
  1776 | D:3      | Noticed Natasha
  1784 | D:3      | Killed Natasha
  1885 | D:3      | Noticed Natasha
  1900 | D:3      | Killed Natasha
  1900 | D:3      | Reached XP level 5. HP: 32/49 MP: 5/5
  2011 | D:3      | Noticed Terence
  2022 | D:3      | Reached skill level 4 in Axes
  2055 | D:3      | Slain by Terence

Vault maps used:
D:1:      minmay_arrival_hallway
D:2:      nicolae_qazlal_style_of_elements, chequers_arboretum, st_stairs_14
D:3:      marbit_many_paths, ebering_ghost_gozag, uniq_terence, uniq_natasha

Skill      XL: |  1  2  3  4  5 |
---------------+----------------+-----
Shields        | 3 |  3.9
Axes           | 3 4 |  4.2
Fighting       | |  3.0
Armour         | |  2.4

Action                   |  1- 3 |  4- 6 || total
-------------------------+-------+-------++-------
Melee: War axe           |   152 |    73 ||   225
 Abil: Spit Poison       |       |     5 ||     5
  Use: Scroll            |     3 |       ||     3
       Potion            |       |     3 ||     3
  Eat: Chunk             |     1 |     2 ||     3
Armor: Scale mail        |    96 |    31 ||   127
       Skin              |       |    13 ||    13
Dodge: Dodged            |    21 |     9 ||    30
Block: Shield            |    71 |    42 ||   113

Table legend:
 A = Non-vault XP
 B = Vault XP
 C = Vault XP percentage of total XP
 D = Non-vault monster count
 E = Vault monster count
 F = Vault count percentage of total count
                 A         B        C        D         E       F
            +---------+---------+-------+---------+---------+-------
      Total |     220 |      41 |  15.7 |      57 |       4 |   6.6
            +---------+---------+-------+---------+---------+-------
        D:1 |      49 |       0 |   0.0 |      24 |       0 |   0.0
        D:2 |      28 |       2 |   6.7 |      19 |       2 |   9.5
        D:3 |     143 |      39 |  21.4 |      14 |       2 |  12.5
            +---------+---------+-------+---------+---------+-------
